 Dungeon Crawl Stone Soup version 0.30-a0-347-gf58ed5266c (webtiles) character file.

Game seed: 18240475841028726682

154571 Lobster4 the Slayer (level 17, -3/155 HPs)
             Began as a Minotaur Hunter on Nov 6, 2022.
             Was the Champion of Hepliaklqana.
             Shot with an arrow by a naga sharpshooter (19 damage)
             ... led by Vashnia
             ... on level 3 of the Snake Pit.
             The game lasted 01:38:06 (25610 turns).

Lobster4 the Slayer (Minotaur Hunter)              Turns: 25610, Time: 01:38:06

Health: -3/155     AC: 16    Str: 18    XL:     17   Next: 6%
Magic:  23/23      EV: 13    Int:  6    God:    Hepliaklqana [******]
Gold:   2063       SH:  5    Dex: 26    Spells: 22/26 levels left

rFire   + . .      SeeInvis +    a - +6 shortbow "Oloijuas" {drain, *Corrode rN++ SInv}
rCold   + . .      Faith    .    (shield currently unavailable)
rNeg    + + +      Spirit   .    u - +0 swamp dragon scales
rPois   +          Reflect  +    (helmet restricted)
rElec   +          Harm     .    l - scarf {rC+ rF+}
rCorr   .          Rampage  .    s - +2 pair of gloves
Will    ++...                    Z - +1 pair of boots
Stlth   ++........               y - amulet of reflection
HPRegen 0.45/turn                A - +6 ring of dexterity
MPRegen 0.18/turn                H - ring of Hydghaleb {rElec rN+ Will+}

@: weakened
A: reduced essence, horns 2, retaliatory headbutt
a: Renounce Religion, Recall Ancestor, Ancestor Identity, Transference, Idealise


You were on level 3 of the Snake Pit.
You worshipped Hepliaklqana.
Hepliaklqana was exalted by your worship.
You visited 4 branches of the dungeon, and saw 25 of its levels.
You also visited: Ice Cave.

You collected 2773 gold pieces.
You spent 710 gold pieces at shops.

Inventory:

Hand Weapons
 a - the +6 shortbow "Oloijuas" (weapon) {drain, *Corrode rN++ SInv}
   (You found it on level 7 of the Dungeon)

   A truly terrible weapon, it drains the life of any living foe it strikes.
   rN:        It greatly protects you from negative energy.
   SInv:      It lets you see invisible.
   *Corrode:  It may corrode you when you take damage.
 b - the +5 falchion of Ruh Asi {spect, rC+}
   (You bought it in a shop on level 5 of the Dungeon)

   When its wielder attacks, the weapon's spirit leaps out and strikes again.
   The spirit shares a part of any damage it takes with its wielder.
   rC:        It protects you from cold.
 f - a +3 scimitar of flaming
 r - a +1 longbow of flaming
Missiles
 q - 60 poisoned darts
 w - 4 throwing nets
Armour
 l - a scarf of resistance (worn)
 s - a +2 pair of gloves (worn)
 u - +0 swamp dragon scales (worn)
 U - the +1 cloak of Hysteria {rN+}
   (You bought it in a shop on level 10 of the Dungeon)

   rN:        It protects you from negative energy.
 Z - a +1 pair of boots (worn)
Jewellery
 g - a ring of see invisible
 x - a ring of fire
 y - an amulet of reflection (around neck)
 A - a +6 ring of dexterity (left hand)
 H - the ring of Hydghaleb (right hand) {rElec rN+ Will+}
   (You found it in an ice cave)

   [ring of positive energy]

   rElec:     It insulates you from electricity.
   rN:        It protects you from negative energy.
   Will:      It increases your willpower.
 I - an amulet of the acrobat
 Q - an amulet of regeneration
 X - a ring of resist corrosion
Wands
 v - a wand of roots (4)
 F - a wand of mindburst (11)
 R - a wand of light (7)
 S - a wand of flame (11)
 V - a wand of paralysis (12)
Scrolls
 d - 13 scrolls of teleportation
 e - 4 scrolls of enchant armour
 h - 3 scrolls of silence
 j - a scroll of fear
 n - a scroll of poison
 p - 4 scrolls of immolation
 t - a scroll of fog
 B - a scroll of identify
 K - a scroll of magic mapping
 N - a scroll of amnesia
 W - 2 scrolls of blinking
 Y - 5 scrolls of enchant weapon
Potions
 c - 4 potions of flight
 i - 5 potions of curing
 k - 6 potions of might
 m - 2 potions of berserk rage
 o - 3 potions of heal wounds
 z - 5 potions of invisibility
 C - 2 potions of resistance
 D - 3 potions of haste
 E - 5 potions of brilliance
 G - 2 potions of lignification
 L - 2 potions of ambrosia
 M - a potion of cancellation
Miscellaneous
 O - a box of beasts (inert)


   Skills:
 + Level 21.3 Fighting
 + Level 6.3 Long Blades
 - Level 3.0 Maces & Flails
 - Level 2.0 Polearms
 + Level 19.9 Ranged Weapons
 - Level 1.0 Throwing
 - Level 11.0 Armour
 + Level 3.5 Dodging
 - Level 1.0 Stealth
 - Level 5.0 Spellcasting
 - Level 5.0 Conjurations
 - Level 5.0 Translocations
 - Level 8.0 Invocations
 - Level 3.0 Evocations


You had 22 spell levels left.
You knew the following spells:

 Your Spells              Type           Power      Damage    Failure   Level
a - Iskenderun's Mystic   Conj/Tloc      7%         2d4       52%         4

Your spell library contained the following spells:

 Spells                   Type           Power      Damage    Failure   Level
 Apportation              Tloc           14%        N/A       6%          1
 Kiss of Death            Conj/Necr      16%        2d6       17%         1
 Gell's Gravitas          Tloc           7%         N/A       19%         3
 Lesser Beckoning         Tloc           14%        N/A       19%         3
 Teleport Other           Tloc           7%         N/A       19%         3
 Beastly Appendage        Tmut           2%         N/A       43%         1
 Necrotise                Necr           4%         1d4       43%         1
 Summon Small Mammal      Summ           4%         N/A       43%         1
 Dazzling Flash           Conj/Hex       8%         N/A       45%         3
 Hailstorm                Conj/Ice       4%         3d4       45%         3
 Manifold Assault         Tloc           7%         N/A       52%         4
 Sublimation of Blood     Necr           1%         N/A       56%         2
 Wereblood                Tmut           1%         N/A       56%         2
 Kindle Blastsparks       Fire/Tloc/Air  6%         2d10      58%         3
 Confusing Touch          Hex            1%         N/A       80%         3
 Ignite Poison            Fire/Tmut/Pois 1%         N/A       80%         3
 Inner Flame              Hex/Fire       1%         N/A       80%         3
 Ozocubu's Armour         Ice            1%         N/A       80%         3
 Spider Form              Tmut/Pois      1%         N/A       80%         3
 Flame Wave               Conj/Fire      4%         2d5       86%         4
 Sticky Flame             Conj/Fire      4%         2d3       86%         4
 Airstrike                Air            0%         2d(1-17)  99%         4
 Dispel Undead            Necr           1%         3d6       99%         4
 Ice Form                 Ice/Tmut       1%         N/A       99%         4
 Leda's Liquefaction      Hex/Erth       0%         N/A       99%         4
 Petrify                  Tmut/Erth      1%         N/A       99%         4
 Summon Ice Beast         Ice/Summ       1%         N/A       99%         4
 Summon Lightning Spire   Summ/Air       1%         N/A       99%         4
 Irradiate                Conj/Tmut      2%         3d12      99%         5
 Lightning Bolt           Conj/Air       2%         1d13      99%         5
 Freezing Cloud           Conj/Ice/Air   1%         6-21      100%        5
 Lee's Rapid Deconstruct  Erth           0%         3d4*      100%        5
 Metabolic Englaciation   Hex/Ice        0%         N/A       100%        5
 Summon Mana Viper        Hex/Summ       1%         N/A       100%        5
 Dispersal                Tloc           3%         N/A       100%        6
 Simulacrum               Ice/Necr       0%         N/A       100%        6
 Starburst                Conj/Fire      2%         6d3       100%        6
 Statue Form              Tmut/Erth      0%         N/A       100%        6
 Malign Gateway           Summ/Tloc      2%         N/A       100%        7
 Monstrous Menagerie      Summ           0%         N/A       100%        7
 Ozocubu's Refrigeration  Ice            0%         4d7       100%        7
 Disjunction              Tloc           3%         N/A       100%        8
 Summon Horrible Things   Summ           0%         N/A       100%        8


Dungeon Overview and Level Annotations

Branches:
Dungeon (15/15)            Temple (0/1) D:5            Lair (5/5) D:11
 Shoals (0/4) Lair:3        Snake (3/4) Lair:3        Slime (0/5) Lair:5
    Orc (2/2) D:10            Elf (0/3) Orc:2        Vaults (0/5) D:13
 Depths (0/4) D:15          IceCv (visited)

Altars:
Cheibriados
Dithmenos
Elyvilon
Fedhas
Hepliaklqana
Nemelex Xobeh
Okawaru
Ru
Vehumet
Wu Jian
Zin
Jiyva

Shops:
D:5 (   D:10 ([   D:11 ([=   Orc:2 !(!(

Annotations:
D:4 3 runed translucent doors, Encipher's ghost, amateur DsRe
D:11 exclusion: orange crystal statue
D:13 2 runed translucent doors, exclusion: orange crystal statue
D:15 exclusion: orange crystal statue
Snake:3 Vashnia


Innate Abilities, Weirdness & Mutations

Your life essence is reduced to manifest your ancestor. (-10% HP)
You have a pair of horns on your head.
You reflexively headbutt those who attack you in melee.


Message History

You resist.
The naga sharpshooter shoots an arrow.
The arrow hits you!!
Fire: a) +6 shortbow "Oloijuas" {drain, *Corrode rN++ SInv}
Press: ? - help, Q - select action, (/) - cycle Shift-Dir - straight line, f/p - naga mage
Aim: a naga mage, wielding a +0 whip and wearing a +0 robe (moderately wounded, fast, ally target, 80% to hit)
You shoot an arrow. Elmo avoids your attack.
The arrow hits the naga mage.
You drain the naga mage.
The naga mage is moderately wounded.
You feel very sick.
Elmo hits the naga mage with a +0 broad axe of flaming!
Elmo burns the naga mage.
The naga mage hits Elmo but does no damage.
Fire: a) +6 shortbow "Oloijuas" {drain, *Corrode rN++ SInv}
Press: ? - help, Q - select action, (/) - cycle Shift-Dir - straight line, f/p - naga mage
Aim: a naga mage, wielding a +0 whip and wearing a +0 robe (almost dead, fast, lightly drained, ally target, 80% to hit)
You shoot an arrow. Elmo avoids your attack.
The arrow hits the naga mage.
You kill the naga mage!
You feel sick.
The naga sharpshooter mumbles some strange words.
The naga sharpshooter magically shoots an arrow.
You reflect the arrow off an invisible shield around you!
Vashnia the Elite Marksnaga comes into view.
She is wielding a +3 vorpal war axe and wearing a +1 barding of fire resistance.
You feel sick.
Vashnia shouts!
Vashnia unwields a +3 vorpal war axe.
Vashnia wields a +0 longbow.
Vashnia shoots an arrow.
The arrow hits you!
* * * LOW HITPOINT WARNING * * *
You feel better.
The naga sharpshooter casts a spell.
The naga sharpshooter magically shoots an arrow.
The arrow hits you but does no damage.
A naga mage comes into view. It is wielding a +0 broad axe.
Okay, then.
As you read the scroll of summoning, it crumbles to dust.
Wisps of shadow whirl around you...
Vashnia shoots an arrow.
The arrow barely misses Elmo.
The arrow hits you!!
* * * LOW HITPOINT WARNING * * *
The naga sharpshooter shoots an arrow.
The arrow barely misses your naga sharpshooter.
The arrow hits you!!
You die...

#...##)...# #
#...##)..## #..
##...##)..# ....
#......).##
.....#.#...##.# N.#
#.........### .. ...
####.N....## ## N..
#.#N.).R###
N..#####.#...#N.@##
.N...........###.N##
........N..#..##NSN#
..)N####..)....N..N#
#))(..N......NN.N#
#####...###..N..##
#...# ###...# #####
#...# #.(.#


You could see the friendly Elmo the knight, Vashnia, a naga sharpshooter (ally
target), a naga mage, a friendly naga sharpshooter (summoned), 2 friendly
salamanders, a friendly black mamba (summoned), a friendly naga mage (summoned)
and 5 friendly nagas.

Vanquished Creatures
  A lich (IceCv)
  Kirke (D:13)
  A frost giant (D:15)
  A nagaraja (Snake:3)
  Nessos (Lair:5)
  3 salamander tyrants
  7 hydras
  9 two-headed ogres
  2 ogre magi (Orc:2)
  Erica (D:11)
  7 anacondas
  3 centaur warriors
  3 naga warriors
  3 boulder beetles
  2 catoblepae
  11 death yaks
  An orc high priest (Orc:2)
  3 tengu warriors
  Nergalle (Orc:1)
  4 naga sharpshooters
  3 shock serpents
  A salamander mystic (Snake:3)
  A deep troll (Orc:2)
  3 naga ritualists
  2 skeletal warriors (D:15)
  A spriggan simulacrum (IceCv)
  3 bog bodies (IceCv)
  A wizard (D:14)
  A harpy (shapeshifter) (D:14)
  A mana viper (Snake:1)
  A deep elf pyromancer (D:14)
  2 orc knights
  2 orc sorcerers
  A necromancer (IceCv)
  9 salamanders
  10 ugly things
  2 oklob plants (D:11)
  5 manticores
  5 cyclopes
  26 black mambas
  An ice statue (D:14)
  5 naga magi
  2 efreet
  Maggie (D:9)
  7 cane toads
  2 kobold demonologists (D:11)
  10 freezing wraiths
  10 komodo dragons
  4 anaconda simulacra (IceCv)
  2 ice devils (IceCv)
  6 rime drakes
  A golden dragon simulacrum (IceCv)
  2 meliai (D:15)
  2 polar bears (Lair:5)
  A wind drake (shapeshifter) (D:15)
  8 trolls
  9 slime creatures
  3 dream sheep (Lair:2)
  7 blink frogs
  3 shadows
  7 wyverns
  A water elemental (D:15)
  20 yaks
  A wraith (D:9)
  A hog (D:13)
  4 humans (D:8)
  3 dire elephant simulacra (IceCv)
  6 basilisks
  23 nagas
  4 wargs
  11 water moccasins
  3 harpy simulacra (IceCv)
  3 hydra simulacra (IceCv)
  A black bear (D:7)
  2 ettin simulacra (IceCv)
  29 orc warriors
  4 alligator simulacra (IceCv)
  32 ogres
  17 centaurs
  13 wolves
  A phantom (D:5)
  3 kobold brigands
  10 bullfrogs
  2 gnoll sergeants
  2 deep troll simulacra (IceCv)
  A necrophage (D:7)
  2 wights (D:9)
  2 lindwurm simulacra (IceCv)
  7 killer bees
  4 howler monkeys
  2 lava snakes (D:11)
  4 hounds
  13 orc priests
  A gnoll bouda (D:6)
  2 iguanas (D:5)
  24 orc wizards
  8 adders
  21 gnolls
  2 white imps (D:7)
  2 worms (D:3)
  A dart slug (D:4)
  59 orcs
  7 endoplasms
  7 goblins
  2 hobgoblins
  6 jackals
  4 quokkas
  7 ball pythons
  3 bats
  2 frilled lizards (D:1)
  14 kobolds
  2 rats (D:3)
643 creatures vanquished.

Vanquished Creatures (collateral kills)
  An orc warlord (Orc:1)
  An ettin (D:13)
  Snorg (D:11)
  An ogre mage (Orc:2)
  3 catoblepae
  3 two-headed ogres (Orc:2)
  2 anacondas
  3 naga warriors
  4 death yaks
  3 naga sharpshooters (Snake:3)
  3 salamander mystics
  3 skeletal warriors (D:15)
  A deep troll (Orc:2)
  Lodul (D:12)
  2 naga ritualists
  An obsidian statue (IceCv)
  A lindwurm (Lair:5)
  An orc knight (Orc:2)
  2 mana vipers (Snake:3)
  An orc sorcerer (Orc:1)
  4 salamanders
  A manticore (D:15)
  9 ugly things
  2 cyclopes
  2 guardian serpents (Snake:2)
  5 cane toads
  11 black mambas
  2 naga magi
  2 gargoyles
  2 komodo dragons
  2 anaconda simulacra (IceCv)
  4 freezing wraiths (IceCv)
  A golden dragon simulacrum (IceCv)
  A meliai (D:15)
  3 trolls
  A dream sheep (Lair:2)
  3 slime creatures
  A vampire (D:12)
  A wraith (D:12)
  2 yaks (Lair:5)
  A hog (D:13)
  A minotaur simulacrum (IceCv)
  A basilisk (Lair:1)
  A warg (Orc:2)
  3 nagas
  5 water moccasins
  A harpy simulacrum (IceCv)
  An ice beast (D:5)
  5 orc warriors
  2 wolves (Lair:5)
  5 ogres
  2 centaurs
  2 bullfrogs
  2 scorpions (D:5)
  A wight (D:9)
  3 killer bees (D:11)
  A howler monkey (D:9)
  A jelly (D:6)
  2 orc priests
  3 orc wizards
  3 gnolls
  An adder (D:6)
  A dart slug (D:5)
  13 orcs
  A kobold (D:9)
159 creatures vanquished.

Vanquished Creatures (others)
  9 knights
  7 ancestors
  An adder (D:3)
  2 bushes
  15 fungi
  60 plants
94 creatures vanquished.

Grand Total: 896 creatures vanquished

Notes
Turn   | Place    | Note
-------+----------+-------------------------------------------
     0 | D:1      | Lobster4 the Minotaur Hunter began the quest for the Orb.
     0 | D:1      | Reached XP level 1. HP: 18/18 MP: 0/0
   101 | D:1      | Reached skill level 1 in Stealth
   262 | D:1      | Reached XP level 2. HP: 25/25 MP: 1/1
   540 | D:1      | Reached skill level 1 in Armour
  1138 | D:2      | Reached skill level 3 in Fighting
  1138 | D:2      | Reached XP level 3. HP: 25/31 MP: 2/2
  1583 | D:3      | Reached XP level 4. HP: 38/38 MP: 3/3
  1680 | D:3      | Found a radiant altar of Vehumet.
  1732 | D:3      | Found a hazy altar of Hepliaklqana.
  1743 | D:3      | Became a worshipper of Hepliaklqana the Forgotten
  1762 | D:3      | Reached skill level 5 in Ranged Weapons
  1817 | D:3      | Found a faded altar of an unknown god.
  1957 | D:3      | Found a sparkling altar of Nemelex Xobeh.
  1974 | D:3      | Noticed a water moccasin
  1983 | D:3      | Killed a water moccasin
  1984 | D:3      | Reached skill level 4 in Fighting
  1984 | D:3      | Reached skill level 1 in Evocations
  1984 | D:3      | Reached XP level 5. HP: 26/46 MP: 4/4
  2413 | D:4      | Noticed an ogre
  2422 | D:4      | Killed an ogre
  2423 | D:4      | Reached XP level 6. HP: 53/53 MP: 5/5
  2467 | D:4      | Reached skill level 1 in Invocations
  2555 | D:4      | Noticed an ice beast
  2555 | D:4      | Noticed Encipher's ghost (amateur DsRe)
  2596 | D:4      | Found a runed translucent gate.
  2596 | D:4      | Found a runed translucent gate.
  2596 | D:4      | Found a runed translucent gate.
  2709 | D:5      | Entered Level 5 of the Dungeon
  2791 | D:5      | Reached * piety under Hepliaklqana
  2845 | D:5      | Found Aloogac's Antique Weapon Shoppe.
  2867 | D:5      | Reached skill level 5 in Fighting
  2954 | D:5      | Reached XP level 7. HP: 44/54 MP: 7/7
  3018 | D:5      | Found a blossoming altar of Fedhas.
  3225 | D:5      | Found a staircase to the Ecumenical Temple.
  3753 | D:5      | Reached skill level 6 in Fighting
  4087 | D:6      | Reached XP level 8. HP: 63/63 MP: 9/9
  4328 | D:6      | Reached ** piety under Hepliaklqana
  4349 | D:6      | Reached skill level 7 in Fighting
  4494 | D:6      | Found an iron altar of Okawaru.
  4923 | D:5      | Bought a translucent falchion for 192 gold pieces
  4923 | D:5      | Identified the +5 falchion of Ruh Asi {spect, rC+} (You
                  | bought it in a shop on level 5 of the Dungeon)
  5019 | D:7      | Identified the +6 shortbow "Oloijuas" {drain, *Corrode rN++
                  | SInv}
  5169 | D:7      | Found a glowing silver altar of Zin.
  5251 | D:7      | Reached skill level 1 in Long Blades
  5844 | D:8      | Reached skill level 8 in Fighting
  5949 | D:8      | Reached XP level 9. HP: 72/72 MP: 10/10
  5957 | D:8      | Reached skill level 5 in Armour
  6354 | D:9      | Identified the +7 spear of the Usurping Gods {vorpal,
                  | Dex+4}
  6418 | D:9      | Reached skill level 9 in Fighting
  6418 | D:9      | Reached skill level 1 in Polearms
  6481 | D:9      | Reached *** piety under Hepliaklqana
  6519 | D:9      | Noticed Maggie
  6629 | D:9      | Reached skill level 1 in Throwing
  6802 | D:9      | Reached skill level 10 in Fighting
  6814 | D:9      | Remembered your ancestor Elmo as a knight
  6857 | D:9      | Found a sacrificial altar of Ru.
  6868 | D:9      | Killed Maggie
  6869 | D:9      | Reached skill level 10 in Ranged Weapons
  6869 | D:9      | Reached XP level 10. HP: 83/83 MP: 11/11
  6955 | D:9      | Found an ornate altar of the Wu Jian Council.
  7053 | D:10     | Entered Level 10 of the Dungeon
  7277 | D:10     | Found Xoyruj's Armour Shop.
  7279 | D:10     | Found a staircase to the Orcish Mines.
  7280 | D:10     | Noticed a two-headed ogre
  7293 | D:10     | Killed a two-headed ogre
  7294 | D:10     | Reached skill level 11 in Fighting
  7448 | D:10     | Found Jeh Ocwe's Weapon Shop.
  7854 | D:10     | Reached **** piety under Hepliaklqana
  8062 | D:10     | Identified the +4 eveningstar of Dolufita {pain, rPois rC+
                  | rN+ Stlth+}
  8084 | D:10     | Found a white marble altar of Elyvilon.
  8084 | D:10     | Found a snail-covered altar of Cheibriados.
  8090 | D:10     | Found a faded altar of an unknown god.
  8092 | D:10     | Found a shadowy altar of Dithmenos.
  8094 | D:10     | Found a faded altar of an unknown god.
  8227 | D:10     | Reached skill level 12 in Fighting
  8227 | D:10     | Reached skill level 1 in Maces & Flails
  8408 | D:10     | Bought the +1 cloak of Hysteria {rN+} for 289 gold pieces
  8425 | D:11     | Noticed Erica
  8497 | D:11     | Noticed an oklob plant
  8505 | D:11     | Found a staircase to the Lair.
  8505 | D:11     | Noticed an oklob plant
  8561 | D:11     | Found Nyogyeh's Antique Armour Boutique.
  8561 | D:11     | Noticed a gargoyle
  8564 | D:11     | Killed a gargoyle
  8566 | D:11     | Noticed Snorg
  8579 | D:11     | Killed Snorg
  8580 | D:11     | Reached XP level 11. HP: 94/94 MP: 12/12
  8582 | D:11     | Bought an ancient robe for 125 gold pieces
  8582 | D:11     | Identified the +1 robe of Fashionability {Str+7} (You
                  | bought it in a shop on level 11 of the Dungeon)
  8595 | D:11     | Found Dammodwu's Jewellery Emporium.
  8600 | D:11     | Noticed a two-headed ogre
  8606 | D:11     | Killed a two-headed ogre
  8644 | D:11     | Found Sogirphau's Weapon Emporium.
  8807 | D:11     | Killed Erica
  8808 | D:11     | Reached skill level 13 in Fighting
  8931 | D:11     | Noticed a sun demon
  9123 | D:11     | Noticed an orange crystal statue
  9329 | D:11     | Killed an oklob plant
  9398 | D:11     | Killed an oklob plant
  9824 | D:12     | Noticed Lodul
  9903 | Lair:1   | Entered Level 1 of the Lair of Beasts
  9903 | Lair:1   | Noticed a death yak
  9903 | Lair:1   | Noticed a death yak
  9903 | Lair:1   | Noticed a death yak
  9903 | Lair:1   | Reached ***** piety under Hepliaklqana
  9910 | Lair:1   | Killed a death yak
  9911 | Lair:1   | Reached skill level 14 in Fighting
  9919 | D:11     | Killed a death yak
  9997 | D:11     | Killed a death yak
 11005 | Lair:2   | Reached XP level 12. HP: 106/106 MP: 13/13
 11007 | Lair:2   | Reached skill level 15 in Fighting
 11756 | Lair:3   | Noticed a catoblepas
 11765 | Lair:3   | Killed a catoblepas
 11924 | Lair:3   | Found a staircase to the Snake Pit.
 12031 | Lair:3   | Found a staircase to the Shoals.
 12459 | Lair:4   | Noticed a six-headed hydra
 12459 | Lair:4   | Noticed a seven-headed hydra
 12495 | Lair:4   | Reached ****** piety under Hepliaklqana
 12516 | Lair:4   | Noticed a death yak
 12516 | Lair:4   | Noticed a death yak
 12516 | Lair:4   | Noticed a death yak
 12523 | Lair:4   | Killed a death yak
 12524 | Lair:4   | Reached skill level 15 in Ranged Weapons
 12532 | Lair:4   | Killed a death yak
 12533 | Lair:4   | Reached skill level 16 in Fighting
 12535 | Lair:4   | Killed a death yak
 12573 | Lair:4   | Killed a six-headed hydra
 12630 | Lair:4   | Noticed a catoblepas
 12663 | Lair:4   | Killed a catoblepas
 12723 | Lair:4   | Noticed a seven-headed hydra
 12729 | Lair:4   | Killed a seven-headed hydra
 12842 | Lair:4   | Killed a seven-headed hydra
 12850 | Lair:4   | Reached XP level 13. HP: 97/117 MP: 14/14
 13390 | Lair:5   | Entered Level 5 of the Lair of Beasts
 13454 | Lair:5   | Found a viscous altar of Jiyva.
 13455 | Lair:5   | Found a staircase to the Slime Pits.
 13545 | Lair:5   | Reached skill level 10 in Armour
 13696 | Lair:5   | Reached skill level 17 in Fighting
 13793 | Lair:5   | Noticed Nessos
 13802 | Lair:5   | Killed Nessos
 13854 | Lair:5   | Reached skill level 5 in Invocations
 14290 | Lair:5   | Identified the +2 robe "Nunguh" {Stlth+}
 14563 | Lair:5   | Reached XP level 14. HP: 126/126 MP: 18/18
 14832 | Orc:1    | Entered Level 1 of the Orcish Mines
 14848 | Orc:1    | Noticed Nergalle
 14857 | Orc:1    | Killed Nergalle
 15046 | Orc:1    | Reached skill level 18 in Fighting
 15062 | Orc:1    | Learned a level 4 spell: Iskenderun's Mystic Blast
 15484 | Orc:2    | Entered Level 2 of the Orcish Mines
 15484 | Orc:2    | Noticed an orc warlord
 15484 | Orc:2    | Found a staircase to the Elven Halls.
 15506 | Orc:1    | Killed an orc warlord
 15507 | Orc:1    | Reached skill level 1 in Spellcasting
 15507 | Orc:1    | Reached skill level 1 in Conjurations
 15507 | Orc:1    | Reached skill level 1 in Translocations
 15981 | Orc:2    | Found Tempaac's Distillery.
 15982 | Orc:2    | Found Mieptura's Weapon Shop.
 16012 | Orc:2    | Found Taaptackylec's Distillery.
 16021 | Orc:2    | Found Ygeseer's Weapon Boutique.
 16025 | Orc:2    | Bought a potion of cancellation for 104 gold pieces
 16675 | D:12     | Killed Lodul
 17201 | D:13     | Reached skill level 19 in Fighting
 17335 | D:13     | Noticed Kirke
 17348 | D:13     | Killed Kirke
 17349 | D:13     | Reached XP level 15. HP: 136/136 MP: 19/19
 17413 | D:13     | Found the +10 tower shield of Ignorance {rN+ Int-4}
 17420 | D:13     | Found a runed translucent door.
 17459 | D:13     | Found a runed translucent door.
 17940 | D:13     | Found a gate to the Vaults.
 18189 | D:14     | Found a frozen archway.
 18210 | IceCv    | Entered an ice cave
 18764 | IceCv    | Found an ancient bone altar of Kikubaaqudgha.
 18950 | IceCv    | Noticed a lich
 18954 | IceCv    | Killed a lich
 18964 | IceCv    | Reached skill level 20 in Fighting
 19093 | IceCv    | Identified the ring of Hydghaleb {rElec rN+ Will+}
 19416 | D:14     | Reached skill level 5 in Long Blades
 20169 | D:15     | Entered Level 15 of the Dungeon
 21025 | D:15     | Reached XP level 16. HP: 148/148 MP: 20/20
 21104 | D:15     | Found a staircase to the Depths.
 21804 | Snake:1  | Entered Level 1 of the Snake Pit
 25099 | Snake:3  | Reached skill level 5 in Conjurations
 25102 | Snake:3  | Reached skill level 21 in Fighting
 25191 | Snake:3  | Reached skill level 5 in Translocations
 25408 | Snake:3  | Reached skill level 5 in Spellcasting
 25564 | Snake:3  | Reached XP level 17. HP: 92/155 MP: 23/23
 25608 | Snake:3  | Noticed Vashnia
 25610 | Snake:3  | Shot with an arrow by a naga sharpshooter

Illustrated notes

Levels and vault maps discovered:
D:1:      minmay_arrival_four_houses, layout_basic
D:2:      layout_basic
D:3:      layout_basic, fiery_altar_vehumet,
          mainiacjoe_overflow_small_starburst, nemelex_diamond_rough_becter,
          basic_ecumenical_altar, serial_bayou_pond_c
D:4:      layout_rooms, gammafunk_ghost_icy
D:5:      layout_basic, fedhas_bush_and_centaur_altar,
          minmay_temple_entry_statues_pillars, serial_shops,
          nicolae_shop_waterfront
D:6:      layout_basic, general_overflow_altar
D:7:      layout_rooms, amcnicky_altar_gilded, hangedman_abyss_or_decor_passed
D:8:      layout_basic, amcnicky_mini_rare_corridor_liquid, minmay_ruffians
D:9:      layout_rooms, nicolae_ru_awakened_eye, lemuel_round_altar, uniq_maggie
D:10:     layout_gridville, chequers_temple_overflow_minitemple, orc_david_3,
          hangedman_decor_opposing, minivault_25
D:11:     layout_basic, dpeg_oklobed_lair, serial_shops,
          nicolae_shop_statue_plus, nicolae_shop_hallway_plus, shop,
          disabler_island, uniq_erica, uniq_snorg
D:12:     layout_stronghold, uniq_lodul
D:13:     layout_roguey, david_vaults_4, chequers_guarded_unrand_ignorance,
          uniq_kirke
D:14:     layout_loops_ring, portal_ice_cave_entry_ice_statue_one,
          roderic_roman_lattice
D:15:     grunt_enter_depths_snipers, layout_basic,
          hangedman_abyss_or_decor_lesser_grid, drop_trap, grunt_ministairs_6,
          nicolae_hexahallways, minmay_protected_statue
Lair:1:   layout_cave_pods
Lair:2:   layout_chaotic_city
Lair:3:   hellmonk_ruined_rings, layout_cave_shapes, elwin_shoals_entry_rocks,
          guppyfry_snake_entry_garden
Lair:4:   layout_loops_ring, kennysheep_basilisk_garden, grunt_megastairs_3,
          serial_bayou_shore_a
Lair:5:   evilmike_catoblepas_cave, layout_gridlike, slime_entry_1, st_stairs_3,
          minmay_lair_drake_nest, uniq_nessos
Snake:1:  layout_onion_interference
Snake:2:  layout_onion_interference
Snake:3:  layout_misc_corridors, serial_shops,
          nicolae_shop_bloodbath_and_beyond, minmay_shop_star, uniq_vashnia
Orc:1:    layout_caves, nicolae_orc_lost_temple, uniq_nergalle
Orc:2:    st_orc_open, layout_diamond_mine, basic_altar, kennysheep_orc_chapel

Skill      XL: |  1  2  3  4  5  6  7  8  9 10 11 12 13 14 15 16 |
---------------+-------------------------------------------------+-----
Stealth        | 1 |  1.0
Armour         | 1 3 4 6 9 10 11 | 11.0
Fighting       | 3 4 5 6 8 10 12 14 16 17 19 20 21 | 21.3
Dodging        | 3 |  3.5
Ranged Weapons | 5 6 7 8 10 11 14 15 16 17 19 | 19.9
Evocations     | 1 2 3 |  3.0
Invocations    | 2 3 6 7 8 |  8.0
Long Blades    | 3 4 5 6 |  6.3
Polearms       | 2 |  2.0
Throwing       | 1 |  1.0
Maces & Flails | 3 |  3.0
Spellcasting   | 3 5 |  5.0
Conjurations   | 3 5 |  5.0
Translocations | 3 5 |  5.0

Action                   |  1- 3 |  4- 6 |  7- 9 | 10-12 | 13-15 | 16-18 || total
-------------------------+-------+-------+-------+-------+-------+-------++-------
Melee: Falchion          |       |       |       |     3 |     3 |     5 ||    11
       Headbutt          |       |       |       |     1 |     2 |     1 ||     4
 Fire: Shortbow          |    56 |   135 |   253 |   415 |  1182 |   503 ||  2544
Invok: Ancestor Identity |       |     1 |       |       |       |       ||     1
       Recall Ancestor   |       |       |     1 |     1 |     5 |     3 ||    10
       Ancestor Life: Kn |       |       |     1 |       |       |       ||     1
Evoke: Wand              |       |       |       |       |     4 |     1 ||     5
       Box of beasts     |       |       |       |       |       |     1 ||     1
  Use: Scroll            |       |     1 |    13 |    10 |    14 |     3 ||    41
       Potion            |       |       |       |       |     3 |     3 ||     6
Armor: Leather armour    |     3 |       |       |       |       |       ||     3
       Ring mail         |     3 |    22 |    16 |       |       |       ||    41
       Swamp dragon scal |       |       |       |    19 |    48 |     3 ||    70
       Robe              |       |       |       |       |     2 |    16 ||    18
Dodge: Dodged            |     7 |    34 |    32 |    34 |    77 |    59 ||   243
Block: Other             |       |       |       |       |       |    15 ||    15
       Reflection        |       |       |       |       |       |     6 ||     6

Table legend: (Time is in decaauts)
 A = Elapsed time spent in this place.
 B = Non-inter-level travel time spent in this place.
 C = Inter-level travel time spent in this place.
 D = Time resting spent in this place.
 E = Time spent auto-exploring this place.
 F = Levels seen in this place.
 G = Mean time per level.
                   A        B        C        D        E       F      G
               +--------+--------+--------+--------+--------+-----+--------+
         Total |  25304 |  23761 |   1543 |   4360 |  14777 |  26 |  973.2 |
       Dungeon |  14336 |  13444 |    892 |   2278 |   8794 |  15 |  955.7 |
          Lair |   4690 |   4358 |    332 |    333 |   3183 |   5 |  938.0 |
     Snake Pit |   3675 |   3479 |    196 |   1191 |   1683 |   3 | 1225.0 |
  Orcish Mines |   1577 |   1455 |    122 |     63 |    853 |   2 |  788.5 |
      Ice Cave |   1025 |   1025 |      0 |    493 |    264 |   1 | 1025.0 |
               +--------+--------+--------+--------+--------+-----+--------+

Top non-repeatable levels by time:
 Snake:2: 2027 daAuts
    D:10: 1450 daAuts
    D:11: 1400 daAuts
    D:15: 1398 daAuts
     D:5: 1327 daAuts
  Lair:5: 1252 daAuts
    D:13: 1160 daAuts
   IceCv: 1025 daAuts
  Lair:4: 981 daAuts
     D:6: 939 daAuts
  Lair:1: 919 daAuts
    D:14: 914 daAuts
 Snake:1: 887 daAuts
     D:1: 867 daAuts
    D:12: 840 daAuts
